 Dungeon Crawl Stone Soup version 0.19.5 (webtiles) character file.

37 Gargoyl the Skirmisher (level 3, 0/31 HPs)
             Began as a Ghoul Abyssal Knight on Apr 19, 2017.
             Was a Follower of Lugonu.
             Slain by a kobold
             ... wielding a +0 whip
              (4 damage)
             ... on level 2 of the Dungeon.
             The game lasted 00:03:10 (1199 turns).

Gargoyl the Skirmisher (Ghoul Abyssal Knight)       Turns: 1199, Time: 00:03:11

Health: 0/31       AC:  4    Str: 19    XL:     3   Next: 39%
Magic:  3/3        EV: 11    Int:  7    God:    Lugonu [*.....]
Gold:   53         SH:  0    Dex:  9    Spells: 0 memorised, 2 levels left

rFire  . . .     SeeInvis .     a - +1 hand axe
rCold  + . .     Gourm    .     b - +0 leather armour
rNeg   + + +     Faith    .     (no shield)
rPois  ∞         Spirit   .     e - +0 helmet
rElec  .         Reflect  .     (no cloak)
rCorr  .         Harm     .     (no gloves)
MR     .....                    (no boots)
Stlth  +.........               (no amulet)
                                (no ring)
                                d - +4 ring of strength

@: rotting
A: rotting body, claws 1, carnivore 3, cold resistance 1, negative energy
resistance 3, slow regeneration 1, torment resistance, unbreathing
a: Depart the Abyss, Renounce Religion


You were on level 2 of the Dungeon.
You worshipped Lugonu.
Lugonu was aware of your devotion.
You were not hungry.

You visited 1 branch of the dungeon, and saw 3 of its levels.
You visited the Abyss 1 time.

You collected 53 gold pieces.

Inventory:

Hand Weapons
 a - a +1 hand axe (weapon)
 o - a +2 mace of distortion
Armour
 b - a +0 leather armour (worn)
 e - a +0 helmet (worn)
Jewellery
 d - a +4 ring of strength (left claw)
 m - an uncursed ring of ice
Scrolls
 g - a scroll of enchant weapon {unknown}
 h - a scroll of identify
 i - a scroll of teleportation {unknown}
 j - 2 scrolls of remove curse {unknown}
 l - a scroll of fog {unknown}
 n - 3 scrolls of enchant armour {unknown}
Potions
 f - a potion of haste
 k - a potion of flight {unknown}
Books
 q - a book of Callings

   Spells                             Type                      Level
   a - Summon Small Mammal            Summoning                    1
   b - Call Imp                       Summoning                    2
   c - Call Canine Familiar           Summoning                    3
   d - Summon Guardian Golem          Hexes/Summoning              3
   e - Summon Lightning Spire         Summoning/Air                4
   f - Summon Ice Beast               Ice/Summoning                4
Comestibles
 c - 2 meat rations


   Skills:
 + Level 3.6 Fighting
 + Level 2.2 Axes
 * Level 2.1 Armour
 + Level 1.1 Dodging
 * Level 2.5 Invocations


You had 2 spell levels left.
You didn't know any spells.

Dungeon Overview and Level Annotations

Branches:
Dungeon (3/15)

Altars:

Annotations:
D:2 Sigmund


Innate Abilities, Weirdness & Mutations

Your body is rotting away.
You thrive on raw meat.
You are immune to poison.
You have sharp fingernails.
You are carnivorous and can eat meat at any time.
Your flesh is cold resistant. (rC+)
You are immune to negative energy. (rN+++)
You regenerate slowly when monsters are visible.
You are immune to unholy pain and torment.
You can survive without breathing.


Message History

The worm is severely wounded.
The worm bites you.
* * * LOW HITPOINT WARNING * * *
You hit the worm.
The worm is severely wounded.
The worm bites you.
* * * LOW HITPOINT WARNING * * *
There is a stone staircase leading up here.
You climb upwards.
Level annotation: Sigmund The kobold shouts!
Found a robe and 21 stones.
A kobold comes into view. It is wielding a whip.
There is a stone staircase leading down here.
The kobold hits you with a whip.
* * * LOW HITPOINT WARNING * * *
You hit the kobold.
The kobold is moderately wounded.
The kobold hits you with a whip.
You die...

.....#
....# #...#
# #...# .#
#...# ..#
#.[.# .(.##
#...#......
#.@K.......
#K####.....
#. ### ##


You could see 2 kobolds.

Vanquished Creatures
  An adder (D:3)
  A dart slug (D:1)
  2 bats (D:1)
  2 giant cockroaches (D:1)
  3 goblins (D:1)
  2 hobgoblins
  4 jackals (D:1)
  4 kobolds
  3 rats (D:1)
22 creatures vanquished.

Notes
Turn   | Place    | Note
-------+----------+-------------------------------------------
     0 | Abyss:1  | Gargoyl the Ghoul Abyssal Knight began the quest for the Orb.
     0 | Abyss:1  | Reached XP level 1. HP: 19/19 MP: 1/1
    32 | Abyss:1  | Noticed a raiju
    32 | D:1      | Escaped the Abyss
   200 | D:1      | Reached skill level 1 in Dodging
   273 | D:1      | Reached * piety under Lugonu
   281 | D:1      | Reached XP level 2. HP: 26/26 MP: 2/2
   384 | D:1      | Reached XP level 3. HP: 30/31 MP: 3/3
   552 | D:2      | Noticed Sigmund
  1199 | D:2      | Slain by a kobold

Skill      XL: |  1  2 |
---------------+-------+-----
Dodging        | 1 |  1.1
Armour         | 2 |  2.1
Axes           | 2 |  2.2
Fighting       | |  3.6
Invocations    | |  2.5

Action                   || total
-------------------------++-------
Melee: Hand axe          ||    71
Invok: Depart the Abyss  ||     1
  Use: Scroll            ||     2
  Eat: Chunk             ||    11
Armor: Leather armour    ||    23
Dodge: Dodged            ||    56
